 Dungeon Crawl Stone Soup version 0.18.1-50-g88ac8fd (webtiles) character file.

9776 magog001 the Blocker (level 11, -17/102 HPs)
             Began as a Minotaur Fighter on Aug 3, 2018.
             Was a Believer of Nemelex Xobeh.
             Demolished by an orc knight
             ... wielding a +0 great sword
              (32 damage)
             ... on level 2 of the Orcish Mines.
             The game lasted 01:16:49 (13013 turns).

magog001 the Blocker (Minotaur Fighter)            Turns: 13013, Time: 01:16:50

Health: -17/102    AC:  9    Str: 25    XL:     11   Next: 27%
Magic:  10/10      EV: 12    Int:  3    God:    Nemelex Xobeh [**....]
Gold:   1009       SH: 16    Dex: 14    Spells: 0 memorised, 10 levels left

rFire  . . .     SeeInvis .     z - +5 flail
rCold  . . .     Gourm    .     C - +0 plate armour
rNeg   . . .     Faith    .     c - +0 shield
rPois  +         Spirit   .     (helmet restricted)
rElec  .         Dismiss  .     u - +2 cloak
rCorr  .         Reflect  .     h - +2 pair of gloves
SustAt .         Harm     .     (no boots)
MR     .....                    (no amulet)
Stlth  ..........               s - ring of poison resistance
                                v - +4 ring of protection

@: agile, about to teleport, corroded, not resistant to hostile enchantments,
extremely unstealthy
A: retaliatory headbutt, horns 2, large bone plates 1, dopey 1, mutation
resistance 1, shaggy fur 1
a: Renounce Religion


You were on level 2 of the Orcish Mines.
You worshipped Nemelex Xobeh.
Nemelex Xobeh was pleased with you.
You were not hungry.

You visited 3 branches of the dungeon, and saw 13 of its levels.

You collected 1009 gold pieces.

Inventory:

Hand Weapons
 w - a +0 hunting sling
 z - a +5 flail (weapon)
Missiles
 m - 36 poisoned needles
 y - 41 tomahawks (quivered)
 A - 36 sling bullets
Armour
 c - a +0 shield (worn)
 h - a +2 pair of gloves (worn)
 u - a +2 cloak (worn)
 C - a +0 plate armour (worn)
Jewellery
 s - a ring of poison resistance (right hand)
 v - a +4 ring of protection (left hand)
Wands
 b - a wand of disintegration (12/24)
 E - a wand of iceblast (11/15)
Scrolls
 e - a scroll of magic mapping
 g - 7 scrolls of blinking
 j - 5 scrolls of teleportation
 l - 3 scrolls of identify
 n - a scroll of remove curse
 t - 2 scrolls of amnesia
Potions
 a - a potion of magic
 i - a potion of haste {unknown}
 p - 2 potions of curing
 q - 2 potions of resistance
 r - a potion of berserk rage
 x - 2 potions of cure mutation
 B - a potion of lignification
 H - a potion of brilliance
Miscellaneous
 d - an ornate deck of escape
 D - an ornate deck of war
 F - a plain deck of destruction {drawn: 1}
 K - a plain deck of war
Comestibles
 f - 3 bread rations
 k - a meat ration


   Skills:
 * Level 11.0 Fighting
   Level 4.3(5.8) Axes
 + Level 5.8(6.5) Maces & Flails
 + Level 0.2 Throwing
 * Level 11.2 Armour
 + Level 1.5 Stealth
 * Level 13.1 Shields


You had 10 spell levels left.
You didn't know any spells.

Dungeon Overview and Level Annotations

Branches:
Dungeon (10/15)            Temple (1/1) D:7             Orc (2/2) D:10
    Elf (0/3) Orc:2
   Lair: D:8-11

Altars:
Ashenzari
Cheibriados
Dithmenos
Elyvilon
Fedhas
Gozag
Kikubaaqudgha
Makhleb
Nemelex Xobeh
Okawaru
Pakellas
Qazlal
Ru
Sif Muna
Trog
Vehumet
Xom
Yredelemnul
Zin
The Shining One
Beogh

Shops:
D:2 *   Orc:2 %


Innate Abilities, Weirdness & Mutations

You reflexively headbutt those who attack you in melee.
You have a pair of horns on your head.
You are partially covered in large bone plates (AC +2, SH +2).
You are dopey. (Int -2)
You are somewhat resistant to further mutation.
You are covered in fur (AC +1).


Message History

* * * LOW HITPOINT WARNING * * *
The rust devil corrodes you!
The orc high priest hits you but does no damage.
The red devil hits you from afar with a trident.
* * * LOW HITPOINT WARNING * * *
You block the rust devil's attack.
Drink which item? (? for menu, Esc to quit)
You feel agile all of a sudden.
The orc knight hits you but does no damage.
The rust devil hits you. The rust devil corrodes you!
You block the orc high priest's attack.
The red devil hits you but does no damage.
The rust devil hits you.
* * * LOW HITPOINT WARNING * * *
The rust devil corrodes you!
Drink which item? (? for menu, Esc to quit)
You feel better. You block the rust devil's attack.
The orc knight hits you with a great sword!!
You die...
Your body disappears without a glow.

#...........##.#####..
#....................
...........##.#####..
...........##.#
...........##.#
##..........##.#
#.......4...##..
#.....oo4..###.
##......@4..# .
#.......)...#
##..........#
#...........#
#...........#############
#........................
##...................)...
##.......................
#........................


You could see an orc knight, an orc high priest, 2 rust devils and a red devil.

Vanquished Creatures
  A hill giant (D:10)
  An orc knight (Orc:2)
  An orc sorcerer (Orc:1)
  Prince Ribbit (D:9)
  5 yaks (D:10)
  A wyvern (D:8)
  A steam dragon (D:10)
  2 hippogriffs
  2 hungry ghosts
  A warg (Orc:2)
  A water moccasin (D:7)
  3 ice beasts
  2 black bears (D:9)
  15 orc warriors
  3 sky beasts
  A phantom (D:7)
  2 necrophages
  4 ogres
  4 centaurs
  A crocodile (D:10)
  A big kobold (D:9)
  7 giant frogs
  5 scorpions
  3 killer bees (D:8)
  3 wights (D:9)
  7 howler monkeys
  A wasp zombie (D:9)
  6 crimson imps
  A giant frog zombie (D:7)
  A centaur zombie (D:7)
  2 jellies
  5 hounds
  13 orc priests
  Crazy Yiuf (D:6)
  A giant frog skeleton (D:7)
  Ijyb (D:3)
  5 iguanas
  19 orc wizards
  6 worker ants
  A killer bee zombie (D:7)
  A hound zombie (D:5)
  6 adders
  4 shadow imps
  2 oozes
  3 adder zombies
  2 adder skeletons
  5 worms
  2 dart slugs
  A giant gecko (D:3)
  77 orcs
  5 bats
  3 giant cockroaches
  9 goblins
  7 hobgoblins
  12 jackals
  4 quokkas
  2 ball pythons (D:1)
  A giant gecko skeleton (D:5)
  A giant gecko zombie (D:5)
  7 giant newts
  13 kobolds
  2 quokka zombies
  10 rats
320 creatures vanquished.

Notes
Turn   | Place    | Note
--------------------------------------------------------------
     0 | D:1      | magog001 the Minotaur Fighter began the quest for the Orb.
     0 | D:1      | Reached XP level 1. HP: 19/19 MP: 0/0
    31 | D:2      | Found a burning altar of Makhleb.
    39 | D:2      | Found a stormy altar of Qazlal.
    51 | D:2      | Found a shadowy altar of Dithmenos.
    57 | D:2      | Found a blossoming altar of Fedhas.
    64 | D:2      | Found a glowing golden altar of the Shining One.
    73 | D:2      | Found a glowing silver altar of Zin.
    86 | D:2      | Found an iron altar of Okawaru.
   131 | D:2      | Found an opulent altar of Gozag.
   143 | D:2      | Found Gozag's Platinum Reserve.
   325 | D:1      | Reached XP level 2. HP: 23/27 MP: 1/1
   847 | D:1      | Reached XP level 3. HP: 33/33 MP: 2/2
  1183 | D:2      | Reached skill level 4 in Shields
  1782 | D:3      | Reached XP level 4. HP: 40/41 MP: 3/3
  2014 | D:3      | Noticed Ijyb
  2018 | D:3      | Killed Ijyb
  2524 | D:3      | Reached XP level 5. HP: 47/47 MP: 4/4
  2777 | D:4      | Reached skill level 5 in Fighting
  2777 | D:4      | Reached skill level 5 in Armour
  3004 | D:4      | Noticed an ogre
  3010 | D:4      | Killed an ogre
  3010 | D:4      | Reached skill level 1 in Stealth
  3010 | D:4      | Reached XP level 6. HP: 40/56 MP: 5/5
  3048 | D:4      | Reached skill level 5 in Shields
  3182 | D:4      | Found a bloodstained altar of Trog.
  3237 | D:4      | Found a basalt altar of Yredelemnul.
  4057 | D:5      | Entered Level 5 of the Dungeon
  4274 | D:5      | Reached XP level 7. HP: 62/62 MP: 6/6
  4655 | D:5      | Reached skill level 6 in Shields
  5234 | D:5      | Gained mutation: You are dopey. (Int -2) [mutagenic meat]
  5235 | D:5      | Gained mutation: You are very dopey. (Int -4) [mutagenic meat]
  5236 | D:5      | Gained mutation: You have sharp fingernails. [mutagenic meat]
  5237 | D:5      | Gained mutation: Your magical capacity is low (-10% MP). [mutagenic meat]
  5238 | D:5      | Gained mutation: Scrolls take you a little longer to read. [mutagenic meat]
  5341 | D:6      | Reached XP level 8. HP: 41/73 MP: 6/6
  5373 | D:6      | Lost mutation: You are very dopey. (Int -4) [potion of cure mutation]
  5373 | D:6      | Lost mutation: Scrolls take you a little longer to read. [potion of cure mutation]
  5373 | D:6      | Lost mutation: Your magical capacity is low (-10% MP). [potion of cure mutation]
  5435 | D:6      | Lost mutation: You are dopey. (Int -2) [potion of cure mutation]
  5435 | D:6      | Lost mutation: You have sharp fingernails. [potion of cure mutation]
  5626 | D:6      | Reached skill level 7 in Shields
  5814 | D:6      | Noticed Crazy Yiuf
  5821 | D:6      | Killed Crazy Yiuf
  6116 | D:6      | Identified the Collected Works on Fetching Self-Knowledge
  6644 | D:7      | Reached skill level 8 in Shields
  6930 | D:7      | Found a staircase to the Ecumenical Temple.
  7213 | D:7      | Reached skill level 1 in Maces & Flails
  7375 | D:7      | Reached XP level 9. HP: 82/82 MP: 8/8
  7409 | D:7      | Reached skill level 9 in Shields
  7873 | D:8      | Gained mutation: You are partially covered in large bone plates (AC +2, SH +2). [mutagenic meat]
  7874 | D:8      | Gained mutation: You are somewhat resistant to further mutation. [mutagenic meat]
  7875 | D:8      | Gained mutation: You are covered in fur (AC +1). [mutagenic meat]
  7877 | D:8      | Gained mutation: You are dopey. (Int -2) [mutagenic meat]
  8060 | D:8      | Reached skill level 10 in Shields
  8271 | Temple   | Entered the Ecumenical Temple
  8660 | D:9      | Reached XP level 10. HP: 86/93 MP: 9/9
  8699 | D:9      | Found a sparkling altar of Nemelex Xobeh.
  8699 | D:9      | Found an opulent altar of Gozag.
  8706 | D:9      | Became a worshipper of Nemelex Xobeh the Trickster
  8788 | D:9      | Received a gift from Nemelex Xobeh
  9217 | D:8      | Reached skill level 11 in Shields
  9219 | D:8      | Reached skill level 10 in Fighting
  9291 | D:8      | Reached * piety under Nemelex Xobeh
  9364 | D:8      | Found an ancient bone altar of Kikubaaqudgha.
  9377 | D:8      | Found a deep blue altar of Sif Muna.
  9401 | D:8      | Found a radiant altar of Vehumet.
  9605 | D:9      | Noticed Prince Ribbit
  9605 | D:9      | Found a glowing silver altar of Zin.
  9612 | D:9      | Killed Prince Ribbit
  9612 | D:9      | Reached skill level 10 in Armour
  9628 | D:10     | Entered Level 10 of the Dungeon
  9832 | D:10     | Received a gift from Nemelex Xobeh
  9838 | D:10     | Found a roughly hewn altar of Beogh.
  9838 | D:10     | Found a staircase to the Orcish Mines.
 10856 | D:10     | Reached skill level 5 in Maces & Flails
 10856 | D:10     | Reached skill level 12 in Shields
 11381 | D:10     | Noticed a hill giant
 11388 | D:10     | Killed a hill giant
 11388 | D:10     | Reached XP level 11. HP: 101/101 MP: 10/10
 11409 | Orc:1    | Entered Level 1 of the Orcish Mines
 11563 | Orc:1    | Reached ** piety under Nemelex Xobeh
 11788 | Orc:2    | Entered Level 2 of the Orcish Mines
 11788 | Orc:2    | Found a staircase to the Elven Halls.
 11788 | Orc:2    | Noticed an orc sorcerer
 11889 | Orc:1    | Killed an orc sorcerer
 12043 | Orc:2    | Received a gift from Nemelex Xobeh
 12590 | Orc:2    | Received a gift from Nemelex Xobeh
 12706 | Orc:2    | Found Ruihyl's Food Shoppe.
 12708 | Orc:2    | Noticed an orc knight
 12709 | Orc:2    | Noticed an orc sorcerer
 12711 | Orc:2    | Noticed an orc high priest
 12713 | Orc:2    | Noticed an orc sorcerer
 12713 | Orc:2    | Reached skill level 13 in Shields
 12714 | Orc:2    | Noticed a soul eater
 12714 | Orc:2    | Noticed an orc high priest
 12717 | Orc:2    | Noticed a sun demon
 12729 | Orc:2    | Noticed a soul eater
 12730 | Orc:2    | Killed an orc knight
 13001 | Orc:2    | Noticed an orc knight
 13013 | Orc:2    | Demolished by an orc knight

Skill      XL: |  1  2  3  4  5  6  7  8  9 10 11 |
---------------+----------------------------------+-----
Fighting       | 4 5 7 8 9 10 11 | 11.0
Armour         | 4 5 7 8 9 10 11 | 11.2
Shields        | 4 5 6 8 10 12 13 | 13.1
Axes           | 3 4 |  4.3
Stealth        | 1 |  1.5
Maces & Flails | 1 3 5 |  5.8
Throwing       | |  0.2

Action                   |  1- 3 |  4- 6 |  7- 9 | 10-12 || total
-------------------------+-------+-------+-------+-------++-------
Melee: War axe           |    96 |   146 |    97 |       ||   339
       Headbutt          |    12 |    28 |    64 |    86 ||   190
       Lajatang          |       |    27 |       |       ||    27
       Flail             |       |       |   280 |   472 ||   752
Throw: Tomahawk          |       |       |       |     4 ||     4
Evoke: Wand              |       |       |       |     3 ||     3
       Deck              |       |       |       |     1 ||     1
  Use: Scroll            |       |     7 |    11 |     5 ||    23
       Potion            |       |     1 |     6 |     9 ||    16
  Eat: Chunk             |     3 |     6 |    17 |     8 ||    34
       Bread ration      |       |     1 |       |     1 ||     2
       Meat ration       |       |       |     1 |     3 ||     4
       Fruit             |       |       |     2 |     1 ||     3
Armor: Scale mail        |    30 |    83 |    55 |       ||   168
       Plate armour      |       |       |   191 |   258 ||   449
       Skin              |       |       |       |    37 ||    37
Dodge: Dodged            |    52 |    47 |    99 |    95 ||   293
Block: Shield            |    60 |    71 |   251 |   435 ||   817
